 Dungeon Sprint DCSS version 0.16.2-12-gd0ad4c3 (webtiles) character file.

1668 Ponchio the Thaumaturge (level 8, -2/41 HPs)
             Began as a Deep Elf Fire Elementalist on Sept 22, 2015.
             Was an Elder of Vehumet.
             Shot with a bolt by a yaktaur captain (33 damage)
             ... in the Dungeon (Sprint V: "Ziggurat Sprint").
             The game lasted 00:08:29 (502 turns).

Ponchio the Thaumaturge (Deep Elf Fire Elementalist) Turns: 502, Time: 00:08:29

Health: -2/41      AC:  2    Str:  5    XL:     8   Next: 69%
Magic:  31/37      EV: 20    Int: 41    God:    Vehumet [****..]
Gold:   0          SH:  0    Dex: 15    Spells: 2 memorised, 28 levels left

rFire  . . .     SeeInvis +     K - +6 Majin-Bo {vamp, Archmagi MP+6 Int+6}
rCold  . . .     Clarity  .     a - +0 robe
rNeg   . . .     SustAb   .     (no shield)
rPois  .         Gourm    .     (no helmet)
rElec  .         Spirit   .     (no cloak)
rCorr  .         Warding  .     (no gloves)
rMut   .         Stasis   +     (no boots)
MR     .....                    L - amulet of Diclyuh {Stasis SInv}
Stlth  ++........               C - +6 ring of intelligence
                                D - +6 ring of intelligence

@: not resistant to hostile enchantments, unstealthy
A: no striking features
a: Renounce Religion


You were in the Dungeon.
You worshipped Vehumet.
Vehumet was greatly pleased with you.
You were not hungry.

You visited 1 branch

Inventory:

Hand weapons
 K - the +6 Majin-Bo (weapon) {vamp, Archmagi MP+6 Int+6}
   (You found it in the Dungeon)

   It inflicts no extra harm, but heals its wielder somewhat when it strikes a
   living foe.
   It affects your intelligence (+6).
   It affects your magic capacity (+6).
Armour
 a - a +0 robe (worn)
Jewellery
 A - a +6 ring of dexterity
 B - a +6 ring of dexterity
 C - a +6 ring of intelligence (right hand)
 D - a +6 ring of intelligence (left hand)
 E - a +6 ring of strength
 F - a +6 ring of strength
 L - the amulet of Diclyuh (around neck) {Stasis SInv}
   (You found it in the Dungeon)

   [amulet of stasis]

   It prevents you from being teleported, slowed, hasted or paralysed.
   It enhances your eyesight.
 M - a +5 ring of evasion
Magical devices
 G - a wand of disintegration (7)
 H - a wand of fire (5)
 I - a wand of cold (3)
 J - a wand of draining (5)
Scrolls
 i - 4 scrolls of blinking
 n - a scroll of brand weapon
 q - 4 scrolls of amnesia
 r - 3 scrolls of recharging
 s - 7 scrolls of fog
 t - a scroll of holy word
 u - 5 scrolls of identify
 v - 5 scrolls of remove curse
 w - 2 scrolls of fear
Potions
 d - 10 potions of curing
 e - 10 potions of heal wounds
 f - 6 potions of haste
 g - 7 potions of magic
 h - 3 potions of berserk rage
 j - 2 potions of brilliance
 k - 2 potions of invisibility
 l - 2 potions of restore abilities
 m - 4 potions of resistance
 o - 5 potions of agility
 p - 5 potions of might
Books
 b - a book of Flames

   Spells                             Type                      Level
   a - Flame Tongue                   Conjuration/Fire             1
   b - Throw Flame                    Conjuration/Fire             2
   c - Conjure Flame                  Conjuration/Fire             3
   d - Inner Flame                    Hexes/Fire                   3
   e - Sticky Flame                   Conjuration/Fire             4
   f - Fireball                       Conjuration/Fire             5
 O - a book of Callings

   Spells                             Type                      Level
   a - Summon Small Mammal            Summoning                    1
   b - Call Imp                       Summoning                    2
   c - Call Canine Familiar           Summoning                    3
   d - Summon Guardian Golem          Hexes/Summoning              4
   e - Summon Lightning Spire         Summoning/Air                4
   f - Summon Ice Beast               Ice/Summoning                4
Miscellaneous
 y - a disc of storms
Comestibles
 c - 5 bread rations
 x - 39 fruits
 z - 4 meat rations
 N - 3 chunks of flesh


   Skills:
 + Level 12.5 Dodging
 - Level 2.4 Stealth
 + Level 13.6 Spellcasting
 + Level 11.4 Conjurations
 - Level 3.2 Fire Magic
 - Level 8.8 Evocations


You had 28 spell levels left.
You knew the following spells:

 Your Spells              Type           Power        Failure   Level  Hunger
a - Flame Tongue          Conj/Fire      #####        1%          1    None
b - Fireball              Conj/Fire      #######...   1%          5    None


Dungeon Overview and Level Annotations

Branches:
Dungeon (1/1)

Altars:
Ashenzari
Cheibriados
Dithmenos
Elyvilon
Fedhas
Gozag
Kikubaaqudgha
Makhleb
Nemelex Xobeh
Okawaru
Qazlal
Ru
Sif Muna
Trog
Vehumet
Xom
Yredelemnul
Zin
The Shining One
Beogh
Jiyva
Lugonu


Message History

You feel a surge of power!
The fireball explodes!
The fireball engulfs the cyclops.
You kill the cyclops!
Vehumet accepts your kill.
Vehumet offers you knowledge of Stone Arrow.
Vehumet is extending the range of your destructive magics.
You feel your power returning.
Your Dodging skill increases to level 12!
Your Spellcasting skill increases to level 13!
Your Conjurations skill increases to level 11!
The fireball engulfs the vault warden.
The vault warden is severely wounded.
The fireball engulfs the yaktaur captain.
The yaktaur captain is moderately wounded.
The fireball engulfs the boring beetle.
The boring beetle is moderately wounded.
The yaktaur captain wields an arbalest.
The yaktaur captain shoots a bolt.
The bolt hits you!!
Ouch! That really hurt!
You die...

▓.....▓.....▓▓▓▓▓▓▓
▓▓▓▓▓▓▓▓▓▓▓▓▓▓▓▓▓▓
▓..8©8...▓..8©8...▓
▓...}|...▓.."B[...▓
▓...)....▓.."(c...▓
▓........▓........▓
▓........▓..pp....▓
▓.▓....▓.▓.▓....▓.▓
▓........▓...@....▓
▓▓▓▓▓▓▓▓▓▓▓▓▓▓▓▓▓▓▓


You could see 2 vault wardens, a yaktaur captain and a boring beetle.

Vanquished Creatures
  A cyclops (D)
  2 fire drakes (D)
  A jumping spider (D)
  A polar bear (D)
  3 ice beasts (D)
  A scorpion (D)
  An orc wizard (D)
  2 orc priests (D)
  A giant mite (D)
  An orc (D)
14 creatures vanquished.

Notes
Turn   | Place    | Note
--------------------------------------------------------------
     0 | D        | Ponchio, the Deep Elf Fire Elementalist, began the quest for the Orb.
     0 | D        | Reached XP level 1. HP: 10/10 MP: 5/5
     0 | D        | Found a viscous altar of Jiyva.
     0 | D        | Found a corrupted altar of Lugonu.
     0 | D        | Found a white marble altar of Elyvilon.
     1 | D        | Found a burning altar of Makhleb.
     1 | D        | Found an iron altar of Okawaru.
     3 | D        | Found a sparkling altar of Nemelex Xobeh.
     3 | D        | Found a basalt altar of Yredelemnul.
     3 | D        | Found a deep blue altar of Sif Muna.
     3 | D        | Found a radiant altar of Vehumet.
     7 | D        | Found a bloodstained altar of Trog.
     7 | D        | Found a shimmering altar of Xom.
    33 | D        | Became a worshipper of Vehumet
    40 | D        | Reached skill level 8 in Evocations
    40 | D        | Reached XP level 2. HP: 15/15 MP: 6/8
   101 | D        | Entered arena 1.
   101 | D        | Noticed a fire drake
   101 | D        | Noticed a fire drake
   103 | D        | Killed a fire drake
   103 | D        | Reached XP level 3. HP: 19/19 MP: 16/18
   103 | D        | Reached XP level 4. HP: 24/24 MP: 18/21
   103 | D        | Reached XP level 5. HP: 28/28 MP: 18/22
   103 | D        | Killed a fire drake
   103 | D        | Reached skill level 9 in Dodging
   103 | D        | Reached skill level 10 in Spellcasting
   103 | D        | Reached XP level 6. HP: 32/32 MP: 19/26
   166 | D        | Learned a level 5 spell: Fireball
   167 | D        | Entered arena 2.
   167 | D        | Noticed a scorpion
   167 | D        | Noticed a jumping spider
   169 | D        | Acquired Vehumet's first power
   169 | D        | Offered knowledge of Sting by Vehumet.
   171 | D        | Killed a jumping spider
   171 | D        | Reached skill level 10 in Dodging
   171 | D        | Reached skill level 11 in Spellcasting
   171 | D        | Reached XP level 7. HP: 23/36 MP: 20/28
   171 | D        | Killed a scorpion
   321 | D        | Got the amulet of Diclyuh {Stasis SInv}
   335 | D        | Entered arena 3.
   335 | D        | Noticed an orc wizard
   335 | D        | Noticed an orc priest
   335 | D        | Noticed an orc priest
   336 | D        | Killed an orc priest
   336 | D        | Offered knowledge of Magic Dart by Vehumet.
   336 | D        | Killed an orc wizard
   337 | D        | Killed an orc priest
   421 | D        | Entered arena 4.
   421 | D        | Noticed an ice beast
   421 | D        | Noticed an ice beast
   421 | D        | Noticed a polar bear
   421 | D        | Noticed an ice beast
   422 | D        | Killed an ice beast
   422 | D        | Acquired Vehumet's second power
   422 | D        | Reached skill level 12 in Spellcasting
   422 | D        | Killed an ice beast
   422 | D        | Reached skill level 10 in Conjurations
   422 | D        | Killed an ice beast
   422 | D        | Reached XP level 8. HP: 41/41 MP: 31/31
   423 | D        | Killed a polar bear
   500 | D        | Entered arena 5.
   500 | D        | Noticed a vault warden
   500 | D        | Noticed a vault warden
   500 | D        | Noticed a boring beetle
   500 | D        | Noticed a cyclops
   500 | D        | Noticed a yaktaur captain
   502 | D        | Killed a cyclops
   502 | D        | Offered knowledge of Stone Arrow by Vehumet.
   502 | D        | Acquired Vehumet's third power
   502 | D        | Reached skill level 13 in Spellcasting
   502 | D        | Shot with a bolt by a yaktaur captain

Action                   |  1- 3 |  4- 6 |  7- 9 || total
-------------------------+-------+-------+-------++-------
 Cast: Fireball          |       |     1 |     7 ||     8
       Flame Tongue      |       |     1 |       ||     1
Evoke: Wand              |     1 |     1 |       ||     2
  Use: Potion            |     1 |       |       ||     1
  Eat: Fruit             |     2 |       |     1 ||     3
       Chunk             |       |       |     1 ||     1
